 Dungeon Crawl Stone Soup version 0.31-a0-559-g03b8d61ab2 (webtiles) character file.

Game seed: 14382864732972026749

39 Ethylacetat the Insei (level 3, -2/25 HPs)
             Began as an Octopode Gladiator on Aug 17, 2023.
             Slain by an orc
             ... wielding a +0 short sword
              (4 damage)
             ... on level 2 of the Dungeon.
             The game lasted 00:01:29 (1083 turns).

Ethylacetat the Insei (Octopode Gladiator)          Turns: 1083, Time: 00:01:30

Health: -2/25      AC:  1    Str: 13    XL:     3   Next: 47%
Magic:  3/3        EV: 14    Int: 10    God:
Gold:   86         SH:  0    Dex: 15    Spells: 2/2 levels left

rFire   . .          .
                       - Unarmed
rCold   . . .        (no shield)
rNeg    . . .        a - +0 hat
rPois   .            (no amulet)
rElec   .            (no ring)
rCorr   .            (no ring)
SInv    .            (no ring)
Will    .....        (no ring)
Stlth   ++           (no ring)
HPRegen 0.24/turn    (no ring)
MPRegen 0.08/turn    (no ring)
                     (no ring)

%: no passive effects
@: no status effects
A: almost no armour, amphibious, 8 rings, camouflage 1, gelatinous body 1,
(nimble swimmer 1), tentacles
a: no special abilities


You were on level 2 of the Dungeon.
You visited 1 branch of the dungeon, and saw 2 of its levels.

You collected 86 gold pieces.

Inventory:

Missiles
 b - 5 throwing nets (quivered)
 c - a javelin
Armour
 a - a +0 hat (worn)
Talismans
 k - a flux talisman
Scrolls
 f - a scroll of noise {unknown}
 i - 3 scrolls of identify {unknown}
 j - a scroll of poison {unknown}
Potions
 d - a potion of brilliance {unknown}
 e - a potion of curing {unknown}
 g - 2 potions of might {unknown}
 h - a potion of magic {unknown}


   Skills:
 + Level 2.7 Fighting
 - Level 2.0 Throwing
 + Level 3.4 Dodging
 + Level 3.5 Unarmed Combat


You had 2 spell levels left.
You didn't know any spells.
Your spell library was empty.

Dungeon Overview and Level Annotations

Branches:
Dungeon (2/15)

Altars:

Shops:
D:1 :?


Innate Abilities, Weirdness & Mutations

You cannot wear most types of armour.
You are amphibious.
You can wear up to eight rings at the same time.
Your skin changes colour to match your surroundings (Stealth+).
Your rubbery body absorbs attacks. (AC +1, EV +1)
((You are camouflaged when in or above water. (Stealth+)))
You have tentacles for arms and can constrict up to eight enemies at once.


Message History

g - 2 brown potions (gained 1)
There is a stone staircase leading up here. 2 orcs come into view.
The orc shouts!
You hear a shout! x3
An orc comes into view. It is wielding a +0 short sword.
An orc priest comes into view. It is wielding a +0 short sword.
The orc shouts!
There are monsters nearby!
The orc shouts!
You hear a shout!
A kobold comes into view. It is wielding a +0 short sword.
There are monsters nearby!
The orc hits you with a +0 trident.
There are monsters nearby!
You tentacle-slap the orc. Your grab misses the orc.
The orc is moderately wounded.
The orc priest calls down the wrath of Beogh upon you.
Beogh smites you!
Ouch! That really hurt!
* * * LOW HITPOINT WARNING * * *
You are too injured to fight recklessly!
You are too injured to fight recklessly!
The orc attacks as you move away! The orc barely misses you.
The orc attacks as you move away! The orc misses you.
The orc hits you from afar with a +0 trident.
* * * LOW HITPOINT WARNING * * *
The orc priest miscasts a cantrip.
The orc attacks as you move away! The orc hits you with a +0 short sword.
* * * LOW HITPOINT WARNING * * *
You tentacle-slap the orc but do no damage.
You grab the orc.
You constrict the orc, but do no damage.
The orc hits you but does no damage. The orc hits you with a +0 short sword.
* * * LOW HITPOINT WARNING * * *
You release your grip on the orc.
Okay, then.
You tentacle-slap the orc. You grab the orc.
The orc is heavily wounded.
You constrict the orc.
The orc escapes!
The orc hits you with a +0 short sword.
You die...

..###........###...#####.........
..# #..>.....###....####.........
#.# #....................#.......
#.###.##..###........)...#.......
#.##..##.## #....................
#.##.###.####..†.................
#.##.# #.#.........>.............
#.##.# #.#.##....oo....#####.....
#....# #........@.o...## ######
#..#####..#########oo.# #
#........###.....o....# #
..^......# ..#..o#....# #
.........# ..........## #
.........#⌠..........# #
.........#$..........# #
.........##..#...#.... #
.........# #..........# #


You could see 5 orcs.

Vanquished Creatures
  An adder (D:2)
  A dart slug (D:2)
  2 ball pythons
  An endoplasm (D:1)
  4 goblins
  6 hobgoblins
  2 jackals (D:1)
  A kobold (D:2)
  A quokka (D:1)
  3 bats
  2 rats (D:1)
24 creatures vanquished.

Notes
Turn   | Place    | Note
-------+----------+-------------------------------------------
     0 | D:1      | Ethylacetat the Octopode Gladiator began the quest for the
                  | Orb.
     0 | D:1      | Reached XP level 1. HP: 14/14 MP: 1/1
    27 | D:1      | Found Tasuteat's Vocational Training.
    99 | D:1      | Reached XP level 2. HP: 12/19 MP: 2/2
   211 | D:1      | Found Coeshraor's Magic Scroll Shoppe.
   764 | D:2      | Reached XP level 3. HP: 10/25 MP: 3/3
  1079 | D:2      | HP: 1/25 [orc/+0 short sword (2)]
  1083 | D:2      | Slain by an orc

Illustrated notes

Levels and vault maps discovered:
D:1:      dpeg_arrival_orchard, layout_basic, serial_shops, shop,
          nicolae_shop_vocational
D:2:      cheibrodos_pilgrimage, layout_rooms

Action                     || total
---------------------------++-------
  Melee: Unarmed           ||    59
         Constrict         ||    15
         Tentacles         ||     8
         Punch             ||     2
   Stab: Sleeping          ||     4
 Armour: Skin              ||     2
  Dodge: Dodged            ||    30

Table legend: (Time is in decaauts)
 A = Elapsed time spent in this place.
 B = Non-inter-level travel time spent in this place.
 C = Inter-level travel time spent in this place.
 D = Time resting spent in this place.
 E = Time spent auto-exploring this place.
 F = Levels seen in this place.
 G = Mean time per level.
                   A        B        C        D        E       F      G
               +--------+--------+--------+--------+--------+-----+--------+
         Total |   1078 |   1029 |     49 |      0 |    870 |   2 |  539.0 |
       Dungeon |   1078 |   1029 |     49 |      0 |    870 |   2 |  539.0 |
               +--------+--------+--------+--------+--------+-----+--------+

Top non-repeatable levels by time:
     D:1: 750 daAuts
     D:2: 328 daAuts
